 Dungeon Crawl Stone Soup version 0.20-a0-1122-gb7cbeb9 (webtiles) character file.

4720 Deathtrap2010 the Cleaver (level 10, -13/81 HPs)
             Began as a Minotaur Fighter on May 13, 2017.
             Was a Believer of Hepliaklqana.
             Mangled by a large slime creature (22 damage)
             ... on level 8 of the Dungeon on May 14, 2017.
             The game lasted 00:28:42 (5721 turns).

Deathtrap2010 the Cleaver (Minotaur Fighter)        Turns: 5721, Time: 00:28:42

Health: -13/81     AC: 16    Str: 25    XL:     10   Next: 22%
Magic:  9/9        EV: 15    Int:  5    God:    Hepliaklqana [**....]
Gold:   453        SH: 13    Dex:  9    Spells: 9/9 levels left

rFire    . . .     SeeInvis .   a - +1 war axe {Goldy}
rCold    + . .     Gourm    .   c - +1 shield
rNeg     . . .     Faith    .   t - +2 chain mail {rC+}
rPois    +         Spirit   .   (helmet restricted)
rElec    .         Reflect  .   w - +0 cloak
rCorr    .         Harm     +   (no gloves)
MR       +....     Rnd*Tele +   e - +0 pair of boots
Stlth    ..........             s - amulet of harm
Regen    0.3/turn               f - +5 ring of evasion
MPRegen  0.2/turn               j - ring of poison resistance

@: hasted, very quick
A: retaliatory headbutt, reduced essence, horns 2, magic resistance 1,
teleportitis 1
a: Recall Ancestor, Ancestor Identity, Renounce Religion


You were on level 8 of the Dungeon.
You worshipped Hepliaklqana.
Hepliaklqana was pleased with you.
You were not hungry.

You visited 1 branch of the dungeon, and saw 8 of its levels.
You also visited: Sewer.

You collected 453 gold pieces.

Inventory:

Hand Weapons
 a - a +1 war axe (weapon) {Goldy}
Armour
 c - a +1 shield (worn)
 e - a +0 pair of boots (worn)
 t - a +2 chain mail of cold resistance (worn)
 w - a +0 cloak (worn)
Jewellery
 f - a +5 ring of evasion (left hand)
 j - a ring of poison resistance (right hand)
 s - an amulet of harm (around neck)
Wands
 p - a wand of iceblast (6/15)
Scrolls
 b - a scroll of blinking
 i - a scroll of teleportation
 l - 5 scrolls of identify
 o - a scroll of fear
 q - 2 scrolls of enchant armour
 v - a scroll of amnesia
Potions
 d - a potion of might
 g - a potion of magic
 m - 2 potions of curing
 u - a potion of heal wounds
Comestibles
 h - 5 meat rations
 k - 3 bread rations


   Skills:
 * Level 9.0 Fighting
 * Level 11.1 Axes
 * Level 9.6 Armour
 * Level 6.9 Dodging
 * Level 10.0 Shields


You had 9 spell levels left.
You didn't know any spells.

Dungeon Overview and Level Annotations

Branches:
Dungeon (8/15)             Temple (0/1) D:5
   Lair: D:8-11

Altars:
Elyvilon
Hepliaklqana
Makhleb
Qazlal
Ru
Uskayaw

Shops:
D:4 ?


Innate Abilities, Weirdness & Mutations

You reflexively headbutt those who attack you in melee.
You have a pair of horns on your head.
Your life essence is reduced. (-10% HP)
You are resistant to hostile enchantments. (MR+)
You are occasionally teleported next to monsters.


Message History

You block the slime creature's attack.
Two slime creatures merge to form a large slime creature.
You hit the large slime creature.
The large slime creature is moderately wounded.
You hit the large slime creature.
The large slime creature is moderately wounded.
You slash the large slime creature!
The large slime creature is moderately wounded.
You slash the large slime creature!
The large slime creature is heavily wounded.
You slash the large slime creature!
The large slime creature is heavily wounded.
The large slime creature hits you!!
* * * LOW HITPOINT WARNING * * *
You slash the large slime creature!
The large slime creature is severely wounded.
You slice the large slime creature!! You headbutt the large slime creature!
The large slime creature is almost dead.
The large slime creature hits you!!
You die...

###### # #....#
####..########....#
#######........J@R.......?#
#.......####.#.##...).....#
#..R....# # #.........#
...<....# #.........##
...####.# ######.....# ...#
#####.# .... .......†......
...## .##.#<........ ...#
###+#.....


You could see the friendly Asterion the hexer and a large slime creature.

Vanquished Creatures
  A two-headed ogre (D:8)
  A slime creature (D:8)
  Menkaure (D:4)
  Duvessa (D:5)
  An orc warrior (D:6)
  A black bear (D:7)
  An ogre (D:5)
  A phantom (D:6)
  A big kobold (D:7)
  3 bullfrogs
  Dowan (D:5)
  The ghost of Deathtrap2010 the Shield-Bearer, a weakling DsFi (D:3)
  A howler monkey (D:7)
  A crimson imp (D:7)
  2 bullfrog zombies (D:6)
  2 hounds
  An orc wizard (D:5)
  2 orc priests
  2 jellies
  4 worker ants
  A hound skeleton (D:6)
  Robin (D:4)
  3 gnolls (D:6)
  15 adders
  6 oozes
  3 worms
  A dart slug (D:3)
  10 leopard geckos
  14 orcs
  2 bats
  10 giant cockroaches
  15 goblins
  9 hobgoblins
  3 jackals
  6 kobolds
  7 quokkas
  5 ball pythons
  12 frilled lizards
  A leopard gecko skeleton (D:4)
  A quokka zombie (D:7)
  4 rats
  6 plants (D:3)
164 creatures vanquished.

Vanquished Creatures (collateral kills)
  Prince Ribbit (D:6)
  A phantom (D:4)
  2 bullfrogs
  A centaur zombie (D:7)
  An orc priest (D:3)
  2 bullfrog skeletons
  A hound skeleton (D:4)
  A gnoll (D:6)
  2 adders
  2 oozes (Sewer)
  An adder skeleton (D:5)
  5 leopard geckos (Sewer)
  4 orcs
  4 giant cockroaches
  3 goblins (D:4)
  A hobgoblin (D:4)
  A jackal (D:4)
  2 quokkas
  4 ball pythons (Sewer)
  6 frilled lizards (Sewer)
  A kobold (D:3)
  2 rats (D:3)
  2 plants (D:3)
50 creatures vanquished.

Vanquished Creatures (others)
  A plant (D:3)
1 creature vanquished.

Grand Total: 215 creatures vanquished

Notes
Turn   | Place    | Note
-------+----------+-------------------------------------------
     0 | D:1      | Deathtrap2010 the Minotaur Fighter began the quest for the Orb.
     0 | D:1      | Reached XP level 1. HP: 19/19 MP: 0/0
    70 | D:1      | Reached XP level 2. HP: 27/27 MP: 1/1
   718 | D:2      | Reached XP level 3. HP: 33/33 MP: 2/2
   745 | D:2      | Reached skill level 3 in Axes
   915 | D:2      | Reached skill level 1 in Dodging
  1010 | D:2      | Reached XP level 4. HP: 30/40 MP: 3/3
  1172 | D:2      | Found a burning altar of Makhleb.
  1247 | D:2      | Reached skill level 4 in Axes
  1483 | D:3      | Reached XP level 5. HP: 22/46 MP: 4/4
  1604 | D:3      | Found a hazy altar of Hepliaklqana.
  1616 | D:3      | Became a worshipper of Hepliaklqana the Forgotten
  1619 | D:3      | Found a sacrificial altar of Ru.
  1930 | D:3      | Noticed Deathtrap2010's ghost (weakling DsFi)
  1940 | D:3      | Killed Deathtrap2010's ghost
  1940 | D:3      | Reached skill level 5 in Axes
  2003 | D:3      | Reached XP level 6. HP: 35/46 MP: 5/5
  2010 | D:3      | Reached skill level 5 in Shields
  2352 | D:3      | Reached skill level 5 in Armour
  2490 | D:4      | Reached * piety under Hepliaklqana
  2554 | D:4      | Found a glowing drain.
  2580 | D:4      | Gained mutation: You are covered in fur. (AC +1) [potion of mutation]
  2580 | D:4      | Gained mutation: Your flesh is cold resistant. (rC+) [potion of mutation]
  2580 | D:4      | Gained mutation: You are dopey. (Int -2) [potion of mutation]
  2580 | D:4      | Gained mutation: Your flesh is very cold resistant. (rC++) [potion of mutation]
  2596 | Sewer    | Entered a sewer
  2720 | Sewer    | Reached skill level 6 in Axes
  2753 | Sewer    | Reached XP level 7. HP: 51/54 MP: 6/6
  3061 | D:4      | Noticed Robin
  3072 | D:4      | Killed Robin
  3103 | D:4      | Noticed Menkaure
  3109 | D:4      | Killed Menkaure
  3109 | D:4      | Reached skill level 5 in Fighting
  3117 | D:4      | Reached skill level 7 in Axes
  3124 | D:4      | Lost mutation: You are dopey. (Int -2) [potion of mutation]
  3124 | D:4      | Lost mutation: Your flesh is very cold resistant. (rC++) [potion of mutation]
  3124 | D:4      | Lost mutation: Your flesh is cold resistant. (rC+) [potion of mutation]
  3124 | D:4      | Lost mutation: You are covered in fur. (AC +1) [potion of mutation]
  3124 | D:4      | Gained mutation: You have a pair of large horns on your head. [potion of mutation]
  3124 | D:4      | Gained mutation: You are clumsy. (Dex -2) [potion of mutation]
  3124 | D:4      | Gained mutation: You are weak. (Str -2) [potion of mutation]
  3124 | D:4      | Gained mutation: Your system is resistant to poisons. (rPois) [potion of mutation]
  3125 | D:4      | Lost mutation: You are weak. (Str -2) [potion of mutation]
  3125 | D:4      | Lost mutation: You are clumsy. (Dex -2) [potion of mutation]
  3125 | D:4      | Lost mutation: You have a pair of large horns on your head. [potion of mutation]
  3125 | D:4      | Lost mutation: Your system is resistant to poisons. (rPois) [potion of mutation]
  3125 | D:4      | Gained mutation: You are partially covered in icy blue scales. (AC +2) [potion of mutation]
  3125 | D:4      | Gained mutation: Scrolls take you a little longer to read. [potion of mutation]
  3125 | D:4      | Gained mutation: You are mostly covered in icy blue scales. (AC +3) [potion of mutation]
  3242 | D:4      | Found Waz Kikiorgh's Magic Scroll Shop.
  3492 | D:5      | Entered Level 5 of the Dungeon
  3669 | D:5      | Reached XP level 8. HP: 38/61 MP: 7/7
  3912 | D:5      | Reached ** piety under Hepliaklqana
  3913 | D:5      | Remembered your ancestor Asterion as a hexer
  3967 | D:5      | Found a staircase to the Ecumenical Temple.
  4094 | D:5      | Noticed Duvessa
  4095 | D:5      | Noticed Dowan
  4107 | D:5      | Killed Dowan
  4108 | D:5      | Killed Duvessa
  4194 | D:6      | Reached skill level 8 in Axes
  4240 | D:6      | Reached skill level 10 in Axes
  4240 | D:6      | Reached XP level 9. HP: 73/73 MP: 8/8
  4554 | D:6      | Noticed Prince Ribbit
  4562 | D:6      | Killed Prince Ribbit
  4728 | D:6      | Lost mutation: Scrolls take you a little longer to read. [potion of mutation]
  4728 | D:6      | Lost mutation: You are mostly covered in icy blue scales. (AC +3) [potion of mutation]
  4728 | D:6      | Lost mutation: You are partially covered in icy blue scales. (AC +2) [potion of mutation]
  4728 | D:6      | Gained mutation: Your mind is acute. (Int +2) [potion of mutation]
  4728 | D:6      | Gained mutation: You are clumsy. (Dex -2) [potion of mutation]
  4728 | D:6      | Gained mutation: You have an increased reservoir of magic. (+10% MP) [potion of mutation]
  4729 | D:6      | Lost mutation: You are clumsy. (Dex -2) [potion of mutation]
  4729 | D:6      | Lost mutation: Your mind is acute. (Int +2) [potion of mutation]
  4729 | D:6      | Lost mutation: You have an increased reservoir of magic. (+10% MP) [potion of mutation]
  4729 | D:6      | Gained mutation: You are occasionally teleported next to monsters. [potion of mutation]
  4729 | D:6      | Gained mutation: You are resistant to hostile enchantments. (MR+) [potion of mutation]
  4952 | D:7      | Found a white marble altar of Elyvilon.
  5151 | D:7      | Found a hide-covered altar of Uskayaw.
  5566 | D:7      | Found a stormy altar of Qazlal.
  5688 | D:8      | Noticed a two-headed ogre
  5697 | D:8      | Killed a two-headed ogre
  5697 | D:8      | Reached skill level 11 in Axes
  5697 | D:8      | Reached skill level 10 in Shields
  5697 | D:8      | Reached XP level 10. HP: 44/81 MP: 9/9
  5721 | D:8      | Mangled by a large slime creature

Vault maps used:
D:1:      minmay_arrival_arboretum_small
D:2:      makhleb_blood_cavern_becter, minmay_octomino_e4
D:3:      wad_lake_hut, overflow_temple_1_default,
          nicolae_overflow_crystal_walls
D:4:      gup_sewer_entry_glass, serial_shops, shop, uniq_menkaure, uniq_robin
D:5:      temple_hall, first_bread, uniq_duvessa
D:6:      uniq_prince_ribbit1
D:7:      overflow_temple_1_default, basic_altar,
          nicolae_qazlal_style_of_elements
D:8:      chequers_temple_overflow_statue_of_worship, grunt_livestock
Sewer:    sewer_frog_island_02

Skill      XL: |  1  2  3  4  5  6  7  8  9 10 |
---------------+-------------------------------+-----
Shields        | 4 5 6 9 10 | 10.0
Armour         | 4 5 9 |  9.6
Axes           | 3 4 5 6 7 10 11 | 11.1
Dodging        | 1 2 6 |  6.9
Fighting       | 4 5 8 9 |  9.0

Action                   |  1- 3 |  4- 6 |  7- 9 | 10-12 || total
-------------------------+-------+-------+-------+-------++-------
Melee: War axe           |    91 |   220 |   153 |    18 ||   482
       Headbutt          |    13 |    48 |    38 |     5 ||   104
Invok: Ancestor Identity |       |     2 |       |       ||     2
       Ancestor Life: He |       |       |     1 |       ||     1
  Use: Potion            |     4 |     2 |     9 |       ||    15
       Scroll            |     5 |     4 |     8 |       ||    17
 Stab: Distracted        |       |     1 |       |       ||     1
       Confused          |       |       |     2 |       ||     2
  Eat: Bread ration      |     1 |     1 |     2 |       ||     4
       Royal jelly       |       |       |     1 |       ||     1
Armor: Scale mail        |    42 |    50 |    38 |       ||   130
       Chain mail        |       |       |    17 |     1 ||    18
Dodge: Dodged            |    38 |   112 |   105 |     2 ||   257
Block: Shield            |    62 |    99 |   147 |     1 ||   309
